 Dungeon Crawl Stone Soup version 0.14-a0-2017-g4a4604d (webtiles) character file.

111 RedPan the Slasher (level 3, -2/23 HPs)
             Began as a Gargoyle Fighter on Jan 18, 2014.
             Was an Initiate of Okawaru.
             Killed by divine providence
             ... invoked by an orc priest
              (12 damage)
             ... on Level 3 of the Dungeon on Jan 19, 2014.
             The game lasted 00:06:07 (1802 turns).

RedPan the Slasher (Gargoyle Fighter)               Turns: 1802, Time: 00:06:07

HP  -2/23        AC 11     Str 20      XL: 3   Next: 95%
MP   3/3         EV  6     Int  8      God: Okawaru [......]
Gold 55          SH 18     Dex  9      Spells:  0 memorised,  2 levels left

rFire  . . .     SeeInvis .     a - +0 falchion
rCold  . . .     Clarity  +     b - +0 scale mail
rNeg   + . .     Conserve .     c - +0 shield
rPois  +         rCorr    .     (no helmet)
rElec  +         rRot     +     (no cloak)
SustAb . .       Spirit   .     v - +0 pair of gloves
rMut   .         Warding  .     (no boots)
Saprov . . .     Stasis   .     q - amulet of clarity {unknown}
MR     .....                    (no ring)
                                (no ring)

@: not resistant to hostile enchantments, extremely unstealthy
A: life protection 1, electricity resistance, unbreathing, petrification
resistance, AC +3
a: Renounce Religion


You were on level 3 of the Dungeon.
You worshipped Okawaru.
Okawaru was noncommittal.
You were hungry.

You visited 1 branch of the dungeon, and saw 3 of its levels.

You collected 55 gold pieces.

Inventory:

Hand weapons
 a - a +0,+0 falchion (weapon)
Armour
 b - a +0 scale mail (worn)
 c - a +0 shield (worn)
 v - a +0 pair of gloves (worn)
Comestibles
 d - 2 bread rations
 j - a sausage
 w - 2 chunks of orc flesh
Scrolls
 f - 2 scrolls of identify {unknown}
 g - 3 scrolls of blinking {unknown}
 h - a scroll of remove curse {unknown}
 i - a scroll of curse weapon {unknown}
 m - 4 scrolls of recharging {unknown}
 n - a scroll of enchant armour {unknown}
 o - 2 scrolls of immolation {unknown}
 p - 2 scrolls of fear {unknown}
 u - a scroll of random uselessness {unknown}
Jewellery
 q - an amulet of clarity (around neck) {unknown}
Potions
 e - a potion of flight {unknown}
 k - a potion of paralysis {unknown}
 l - 2 potions of might {unknown}
 r - a potion of resistance {unknown}
 s - a potion of invisibility {unknown}
 t - 2 potions of brilliance {unknown}


   Skills:
 - Level 3.2 Fighting
 + Level 3.7 Long Blades
 - Level 3.2 Armour
 - Level 3.2 Shields


You had 2 spell levels left.
You didn't know any spells.

Dungeon Overview and Level Annotations

Branches:
Dungeon (3/16)

Altars:
Dithmengos
Fedhas
Okawaru


Innate Abilities, Weirdness & Mutations

You are resistant to torment.
You are immune to poison.
Your stone body is very resilient (AC +3).
You resist negative energy.
You are resistant to electric shocks.
You can survive without breathing.
You are immune to petrification.


Message History

You start resting.
You start resting.
HP restored.
You are feeling hungry.
An orc priest comes into view.
The orc priest shouts!
The orc priest invokes the aid of Beogh against you.
Pain shoots through your body!
The orc shouts!
The orc priest calls down the wrath of Beogh upon you.
Something smites you!
Things that are here:
an orc skeleton; an orcish whip; an orcish whip You barely miss the orc priest.
The orc priest barely misses you. The orc barely misses you.
The orc priest hits you.
You closely miss the orc priest. You block the orc's attack.
The orc priest calls down the wrath of Beogh upon you.
Something smites you!
Ouch! That really hurt!
You die...

##### #...# #...# #####
###### #...#
#...#####.....
######.%.####......##...#.
!.......o@................
.....#..o######....##...#.
.........................
........................#
....###...##########....#
... ##### ##....# .
#...... #......
######......


You could see an orc priest and an orc.

Vanquished Creatures
  An adder (D:2)
  2 orcs (D:3)
  2 ball pythons
  2 giant cockroaches
  7 hobgoblins
  2 quokkas
  6 bats
  A giant gecko (D:1)
  A giant newt (D:1)
  3 goblins
  3 jackals (D:2)
  7 kobolds
  5 rats
42 creatures vanquished.

Notes
Turn   | Place    | Note
--------------------------------------------------------------
     0 | D:1      | RedPan, the Gargoyle Fighter, began the quest for the Orb.
     0 | D:1      | Reached XP level 1. HP: 14/14 MP: 1/1
   149 | D:1      | Reached XP level 2. HP: 19/19 MP: 2/2
   822 | D:2      | Found a shadowy altar of Dithmengos.
   865 | D:2      | Reached XP level 3. HP: 21/23 MP: 3/3
   938 | D:2      | Found an iron altar of Okawaru.
   951 | D:2      | Found a blossoming altar of Fedhas.
   963 | D:2      | Became a worshipper of Warmaster Okawaru
  1802 | D:3      | Killed from afar by an orc priest

Action                   || total
-------------------------++-------
Melee: Falchion          ||   139
